 Dungeon Crawl Stone Soup version 0.28-b1-25-g9875b3fc8c (webtiles) character file.

Game seed: 169301750784990034

2040 Anothat the Fighter (level 9, 0/75 HPs)
             Began as a Formicid Fighter on Feb 5, 2022.
             Slain by Harold (3 damage)
             ... on level 7 of the Dungeon.
             The game lasted 00:11:28 (7763 turns).

Anothat the Fighter (Formicid Fighter)              Turns: 7763, Time: 00:11:29

Health: 0/75       AC: 11    Str: 25    XL:     9   Next: 48%
Magic:  9/9        EV:  5    Int:  8    God:
Gold:   243        SH:  0    Dex: 10    Spells: 8/8 levels left

rFire   . . .      SeeInvis +   i - +2 spear (flame)
rCold   . . .      Faith    .   c - +0 buckler
rNeg    . . .      Spirit   .   b - +0 scale mail
rPois   .          Reflect  .   (helmet unavailable)
rElec   .          Harm     .   (no cloak)
rCorr   .          Rampage  .   j - +2 pair of gloves
Will    .....                   (no boots)
Stlth   ..........              (no amulet)
HPRegen 0.22/turn               (no ring)
MPRegen 0.11/turn               (no ring)

@: brilliant, held
A: permanent stasis, dig shafts and tunnels, antennae 3, four strong arms
a: Dig, Shaft Self


You were on level 7 of the Dungeon.
You visited 1 branch of the dungeon, and saw 7 of its levels.

You collected 243 gold pieces.

Inventory:

Hand Weapons
 a - a +0 war axe of freezing
 d - a +2 whip of venom
 i - a +2 spear of flaming (weapon)
Armour
 b - a +0 scale mail (worn)
 c - a +0 buckler (worn)
 j - a +2 pair of gloves (worn)
Jewellery
 s - a ring of protection from fire
Wands
 e - a wand of polymorph (19)
 g - a wand of iceblast (1)
Scrolls
 f - a scroll of fog
 h - a scroll of identify
 p - a scroll of brand weapon
Potions
 k - 2 potions of berserk rage
 n - a potion of magic
 o - a potion of ambrosia
 q - a potion of degeneration
 v - a potion of mutation


   Skills:
 * Level 8.9 Fighting
 - Level 2.2(3.9) Axes
 + Level 5.0(5.2) Polearms
 + Level 6.6 Armour
 + Level 7.3 Shields


You had 8 spell levels left.
You didn't know any spells.
Your spell library contained the following spells:

 Spells                   Type           Power      Damage    Failure   Level
 Animate Skeleton         Necr           0%         N/A       75%         1
 Apportation              Tloc           0%         N/A       75%         1
 Summon Small Mammal      Summ           0%         N/A       75%         1


Dungeon Overview and Level Annotations

Branches:
Dungeon (7/15)
 Temple: D:4-7

Altars:
Makhleb
Nemelex Xobeh

Shops:
D:1 *   D:2 [   D:5 ?

Annotations:
D:7 Harold


Innate Abilities, Weirdness & Mutations

You cannot be hasted, slowed, berserked, paralysed or teleported.
You can dig through walls and to a lower floor.
You have a pair of large antennae on your head. (SInv)
Your four strong arms can wield two-handed weapons with a shield.


Message History

Press: ? - help, Shift-Dir - straight line The mass of ice explodes!
The iceblast engulfs Harold.
Harold is lightly wounded.
The killer bee buzzes angrily.
You hear an angry buzzing noise. x4
You hear a shout! x5
Harold yells, "I don't have all day!"
Aiming: Iceblast
Press: ? - help, Shift-Dir - straight line The mass of ice explodes!
The iceblast engulfs Harold.
Harold is lightly wounded.
You hear an angry buzzing noise.
A killer bee comes into view.
Harold closely misses you.
Aiming: Iceblast
Press: ? - help, Shift-Dir - straight line The mass of ice explodes!
The iceblast engulfs Harold!!
Harold is heavily wounded.
You hear a shout!
A killer bee comes into view. x2
Harold hits you with a +3 scimitar of flaming.
* * * LOW HITPOINT WARNING * * *
Harold burns you.
* * * LOW HITPOINT WARNING * * *
You feel better.
The killer bee buzzes angrily.
The killer bee stings you but does no damage.
A killer bee comes into view.
An orc warrior comes into view. It is wielding a +0 short sword.
Harold hits you with a +3 scimitar of flaming!!
* * * LOW HITPOINT WARNING * * *
Harold burns you.
* * * LOW HITPOINT WARNING * * *
It was a potion of brilliance.
You feel clever all of a sudden. The killer bee barely misses you.
The killer bee stings you but does no damage.
A kobold comes into view. It is wielding a +0 short sword.
A kobold comes into view. It is wielding a +0 whip.
Harold hits you with a +3 scimitar of flaming.
You die...

#.#.. .# #.#.########.#
#.#.#.. ...#.#
##.#.#.###....## .......
...... #.#.#.#
#..#.######
#######.#.#.###..#.#...[.
......oy@.....(..........
......y@#.#.###..#.#.....
......y.#.#.# #..#.......
.......y#.#.###..#.....<.
..o.....#.#......#.......
.......y#.######.........
.K......#.########.......
.K.......................
..........########.......


You could see Harold, an orc warrior, 5 killer bees, an orc and 2 kobolds.

Vanquished Creatures
  Pikel (D:6)
  4 necrophages
  2 lemures (D:6)
  A kobold brigand (D:6)
  A bullfrog (D:4)
  4 scorpions
  A water moccasin skeleton (D:4)
  A centaur zombie (D:7)
  A bullfrog zombie (D:6)
  4 hounds
  A jelly (D:5)
  2 orc priests (D:6)
  A bullfrog skeleton (D:5)
  A gnoll shaman (D:4)
  Natasha (thrice) (D:2)
  3 iguanas
  2 orc wizards
  9 adders
  7 gnolls
  A howler monkey skeleton (D:6)
  A white imp (D:5)
  3 ufetubi
  An adder skeleton (D:4)
  A worm (D:2)
  2 dart slugs
  11 orcs
  5 endoplasms
  2 giant cockroaches
  5 goblins
  8 hobgoblins
  A quokka (D:1)
  8 ball pythons
  3 bats
  2 frilled lizards (D:3)
  8 kobolds
  4 rats
115 creatures vanquished.

Vanquished Creatures (others)
  3 fungi (D:2)
  7 plants (D:2)
10 creatures vanquished.

Grand Total: 125 creatures vanquished

Notes
Turn   | Place    | Note
-------+----------+-------------------------------------------
     0 | D:1      | Anothat the Formicid Fighter began the quest for the Orb.
     0 | D:1      | Reached XP level 1. HP: 18/18 MP: 1/1
   246 | D:1      | Reached XP level 2. HP: 19/24 MP: 2/2
   482 | D:1      | Found Jiukil's General Store.
  1159 | D:2      | Reached skill level 4 in Fighting
  1159 | D:2      | Reached XP level 3. HP: 13/30 MP: 3/3
  1159 | D:2      | Reached XP level 4. HP: 17/37 MP: 4/4
  1357 | D:2      | Found Hyrchan's Armour Boutique.
  1364 | D:2      | Reached skill level 1 in Polearms
  1691 | D:2      | Noticed Natasha
  1700 | D:2      | Killed Natasha
  1701 | D:2      | Reached XP level 5. HP: 39/43 MP: 5/5
  1738 | D:2      | Found a faded altar of an unknown god.
  1828 | D:2      | Noticed Natasha
  1835 | D:2      | Killed Natasha
  2500 | D:2      | Noticed Natasha
  2507 | D:2      | Killed Natasha
  2673 | D:3      | Reached skill level 5 in Fighting
  2784 | D:3      | Reached XP level 6. HP: 46/51 MP: 6/6
  3486 | D:4      | Reached skill level 5 in Shields
  3778 | D:4      | Reached XP level 7. HP: 55/57 MP: 7/7
  3930 | D:4      | Reached skill level 6 in Fighting
  4092 | D:4      | Reached skill level 5 in Armour
  4987 | D:4      | Reached XP level 8. HP: 57/65 MP: 8/8
  5287 | D:5      | Entered Level 5 of the Dungeon
  5343 | D:5      | Reached skill level 7 in Fighting
  5376 | D:5      | Found Atip's Magic Scroll Shoppe.
  6917 | D:6      | Noticed Pikel
  6957 | D:6      | Killed Pikel
  6958 | D:6      | Reached skill level 8 in Fighting
  6958 | D:6      | Reached XP level 9. HP: 68/75 MP: 9/9
  7485 | D:6      | Found a sparkling altar of Nemelex Xobeh.
  7488 | D:6      | Found a burning altar of Makhleb.
  7540 | D:6      | Reached skill level 5 in Polearms
  7749 | D:7      | Noticed Harold
  7762 | D:7      | HP: 3/75 [Harold (2)]
  7763 | D:7      | Slain by Harold

Illustrated notes

Levels and vault maps discovered:
D:1:      giann_horns, layout_loops_corners, serial_shops, shop
D:2:      layout_loops_ring, shapermc_ecumenical_altar_mp_urbaneastern,
          serial_shops, shop, minmay_pentomino_v2, uniq_natasha
D:3:      layout_basic
D:4:      layout_basic, minmay_starry_boxes
D:5:      minmay_evil_eye, layout_gridville, serial_shops,
          nicolae_shop_window_shopping, minmay_misc_feat_columns, uniq_menkaure
D:6:      layout_rooms, mainiacjoe_overflow_catwalk_spiral, uniq_pikel
D:7:      layout_basic, gammafunk_temple_overflow_pools,
          minmay_temple_entry_poolview, gammafunk_ghost_nasty_kobolds,
          guppyfry_early_elven_hall, uniq_harold, uniq_maggie

Skill      XL: |  1  2  3  4  5  6  7  8  9 |
---------------+----------------------------+-----
Fighting       | 4 5 6 8 |  8.9
Shields        | 4 5 7 |  7.3
Polearms       | 1 2 3 4 5 |  5.0
Armour         | 4 5 6 |  6.6
Axes           | |  2.2

Action                   |  1- 3 |  4- 6 |  7- 9 || total
-------------------------+-------+-------+-------++-------
Melee: War axe           |    27 |       |       ||    27
       Spear             |    32 |   171 |   287 ||   490
       Unarmed           |       |       |     4 ||     4
Evoke: Wand              |       |       |    10 ||    10
  Use: Potion            |       |     2 |     5 ||     7
       Scroll            |       |       |    13 ||    13
 Stab: Paralysed         |       |       |    16 ||    16
Armor: Scale mail        |    19 |    43 |    83 ||   145
       Skin              |       |     6 |       ||     6
Dodge: Dodged            |    28 |    36 |    77 ||   141
Block: Buckler           |    12 |    24 |    51 ||    87
